 Dungeon Crawl Stone Soup version 0.16-a0-465-g631e55c (webtiles) character file.

42 PolkaDot the Caller (level 3, -8/24 HPs)
             Began as a Vampire Summoner on Sept 16, 2014.
             Killed by divine providence
             ... invoked by an orc priest
              (13 damage)
             ... on Level 2 of the Dungeon.
             The game lasted 00:03:17 (1315 turns).

PolkaDot the Caller (Vampire Summoner)              Turns: 1315, Time: 00:03:17

HP  -8/24        AC  8     Str  7      XL: 3   Next: 33%
MP   6/6         EV 12     Int 18      God:
Gold 74          SH  0     Dex 14      Spells:  1 memorised,  5 levels left

rFire  . . .     SeeInvis +     l - +1 trident (protect)
rCold  . . .     Clarity  .     a - +0 robe
rNeg   . . .     rCorr    .     (no shield)
rPois  .         rRot     .     d - +0 helmet
rElec  .         Spirit   .     (no cloak)
SustAb .         Warding  .     (no gloves)
rMut   .         Stasis   .     (no boots)
Gourm  .                        (no amulet)
MR     .....                    (no ring)
                                (no ring)

@: regenerating quickly, not resistant to hostile enchantments, unstealthy
A: fangs 3, see invisible, unbreathing
a: no special abilities


You were on level 2 of the Dungeon.
You were very full.

You visited 1 branch of the dungeon, and saw 3 of its levels.

You collected 74 gold pieces.

Inventory:

Hand weapons
 l - a +1 trident of protection (weapon)
Armour
 a - a +0 robe (worn)
 d - a +0 helmet (worn)
Magical devices
 k - a wand of flame (5) {unknown}
Scrolls
 e - a scroll of fear {unknown}
 g - a scroll of teleportation {unknown}
 i - a scroll of remove curse {unknown}
 j - a scroll of recharging {unknown}
 m - a scroll of amnesia {unknown}
Potions
 f - a potion of resistance {unknown}
 h - a potion of curing {unknown}
Books
 b - a book of Callings

   Spells                             Type                      Level
   *Summon Small Mammal               Summoning                    1
   Call Imp                           Summoning                    2
   Call Canine Familiar               Summoning                    3
   Summon Guardian Golem              Hexes/Summoning              4
   Summon Lightning Spire             Summoning/Air                4
   Summon Ice Beast                   Ice/Summoning                4


   Skills:
 - Level 2.1 Dodging
 - Level 3.0 Stealth
 - Level 2.0 Spellcasting
 * Level 5.2 Summonings


You had 5 spell levels left.
You knew the following spells:

 Your Spells              Type           Power        Failure   Level  Hunger
a - Summon Small Mammal   Summ           ###.         1%          1    #......


Dungeon Overview and Level Annotations

Branches:
Dungeon (3/15)

Altars:


Innate Abilities, Weirdness & Mutations

Your natural rate of healing is unusually fast.
You have razor-sharp teeth.
You have supernaturally acute eyesight.
You can survive without breathing.


Message History

Where to? (Enter - D:2, ? - help)
There is a stone staircase leading down here.
You climb downwards. 3 orcs, an orc warrior and an orc priest come into view.
The orc priest shouts!
The orc warrior shouts!
The orc shouts!
There is a stone staircase leading up here.
The orc warrior hits you with a hand axe!
Ouch! That really hurt!
* * * LOW HITPOINT WARNING * * *
The orc priest hits you.
* * * LOW HITPOINT WARNING * * *
You climb upwards.
There is a stone staircase leading down here.
The orc priest's eyes start to glow.
Drink which item? (? for menu, Esc to quit)
You feel refreshed.
It was a potion of restore abilities.
The orc priest calls down the wrath of Beogh upon you.
Something smites you!
Ouch! That really hurt!
You die...

#...# ##.#...## #(# #.# #..##
#.#...# #.# #.# ### #..#
##...## #.# #># ..# #..# ##..#
#.# #.# #.####.## #..# #.# #.#
.......# #..# #.# #.#
.......##### #..#####.#####.#
#..........####..o...........#
#..##.####......@o.....#######
)...............########
#.############### ..# ###


You could see an orc warrior and an orc priest.

Vanquished Creatures
  A gnoll (D:1)
  A giant gecko (D:1)
  A ball python (D:1)
  2 giant cockroaches
  6 goblins
  4 hobgoblins
  2 kobolds
  A quokka (D:2)
  3 bats
  2 giant newts
  8 rats
31 creatures vanquished.

Vanquished Creatures (collateral kills)
  2 goblins (D:1)
  A giant newt (D:1)
  A kobold (D:1)
  A rat (D:1)
5 creatures vanquished.

Grand Total: 36 creatures vanquished

Notes
Turn   | Place    | Note
--------------------------------------------------------------
     0 | D:1      | PolkaDot, the Vampire Summoner, began the quest for the Orb.
     0 | D:1      | Reached XP level 1. HP: 13/13 MP: 3/3
   179 | D:1      | Reached XP level 2. HP: 16/19 MP: 4/4
   656 | D:2      | Reached skill level 5 in Summonings
   705 | D:2      | Reached XP level 3. HP: 22/24 MP: 6/6
  1311 | D:3      | Noticed an orc warrior
  1315 | D:2      | Killed from afar by an orc priest

Action                   || total
-------------------------++-------
Melee: Unarmed           ||    17
       Short sword       ||    89
       Trident           ||     8
 Cast: Summon Small Mamm ||     5
  Use: Potion            ||     2
 Stab: Sleeping          ||     5
       Distracted        ||     1
  Eat: Corpse            ||    10
